 Dungeon Crawl Stone Soup version 0.31.0-1-g2c135a0 (webtiles) character file.

Game seed: 9233586824145885863

216 bonegar the Sneak (level 5, -3/43 HPs)
             Began as a Naga Enchanter on Jan 26, 2024.
             Was an Initiate of Dithmenos.
             Slain by an orc
             ... wielding a +0 whip
              (5 damage)
             ... on level 3 of the Dungeon.
             The game lasted 00:24:47 (3251 turns).

bonegar the Sneak (Naga Enchanter)                  Turns: 3251, Time: 00:24:47

Health: -3/43      AC:  2    Str: 10    XL:     5   Next: 93%
Magic:  9/9        EV: 10    Int: 18    God:    Dithmenos [......]
Gold:   139        SH:  0    Dex: 11    Spells: 4/9 levels left

rFire   . . .        a - +1 dagger
rCold   . . .        (no shield)
rNeg    . . .        b - +0 robe
rPois   +            (no helmet)
rElec   .            (no cloak)
rCorr   .            (no gloves)
SInv    +            (no barding)
Will    .....        (no amulet)
Stlth   +++          (no ring)
HPRegen 0.27/turn    (no ring)
MPRegen 0.11/turn

%: no passive effects
@: mighty, hasted, invisible, quick
A: AC +1, large, see invisible, deformed body, poison resistance, slowness 2,
spit poison 1, naga tail 1
a: Spit Poison, Renounce Religion


You were on level 3 of the Dungeon.
You worshipped Dithmenos.
Dithmenos was noncommittal.
You visited 1 branch of the dungeon, and saw 4 of its levels.

You collected 139 gold pieces.

Inventory:

Hand Weapons
 a - a +1 dagger (weapon)
 r - a +1 whip of electrocution
Missiles
 g - 8 poisoned darts (quivered)
 s - 6 boomerangs
Armour
 b - a +0 robe (worn)
 w - a +0 hat
Magical Staves
 t - a staff of fire
Scrolls
 d - a scroll of torment {unknown}
 f - a scroll of immolation
 h - a scroll of amnesia
 i - 2 scrolls of poison
 j - a scroll of enchant armour {unknown}
 m - a scroll of vulnerability
 n - a scroll of fog
 o - a scroll of noise {unknown}
 q - a scroll of teleportation {unknown}
 u - a scroll of silence {unknown}
Potions
 c - a potion of invisibility
 e - a potion of heal wounds {unknown}
 k - 2 potions of magic {unknown}
 l - a potion of cancellation {unknown}
 p - a potion of mutation {unknown}
 x - a potion of might


   Skills:
 + Level 0.8 Fighting
 + Level 2.2 Short Blades
 + Level 2.0 Dodging
 + Level 6.6 Stealth
 + Level 2.8 Spellcasting
 + Level 3.6 Hexes
 + Level 1.4 Ice Magic


You had 4 spell levels left.
You knew the following spells:

 Your Spells              Type           Power      Damage    Failure   Level
a - Ensorcelled Hibernat  Hex/Ice        22%        N/A       9%          2
b - Call Canine Familiar  Summ           2%         N/A       45%         3

Your spell library contained the following spells:

 Spells                   Type           Power      Damage    Failure   Level
 Confusing Touch          Hex            15%        N/A       12%         3
 Sigil of Binding         Hex            15%        N/A       12%         3
 Tukima's Dance           Hex            15%        N/A       12%         3
 Shock                    Conj/Air       8%         1d3       17%         1
 Dazzling Flash           Conj/Hex       18%        N/A       24%         3
 Swiftness                Air            2%         N/A       45%         3
 Dimensional Bullseye     Hex/Tloc       4%         N/A       61%         4
 Airstrike                Air            1%         2d(1-17)  86%         4


Dungeon Overview and Level Annotations

Branches:
Dungeon (4/15)
 Temple: D:4-7

Altars:
Dithmenos
Hepliaklqana
Uskayaw


Innate Abilities, Weirdness & Mutations

Your serpentine skin is tough. (AC +1)
You have supernaturally acute eyesight. (SInv)
Armour fits poorly on your strangely shaped body.
Your system is resistant to poisons. (rPois)
You cover ground very slowly.
You can spit poison.
You have a snake-like lower body.


Message History

The quokka bites you.
Casting: Ensorcelled Hibernation (safe; 9% risk of failure)
Confirm with . or Enter, or press ? or * to list all spells.
Aiming: Ensorcelled Hibernation (safe; 9% risk of failure)
Press: ? - help, Shift-Dir - straight line, f/p - quokka
Aim: a quokka (chance to affect: 62%)
The quokka looks drowsy...
The helpless quokka fails to defend itself.
You impale the quokka!!
You kill the quokka!
Dithmenos accepts your kill.
You have got your breath back.
You start resting.
Magic restored.
You climb downwards.
The orc hits you with a +0 whip. The orc hits you with a +0 mace.
The orc hits you with a +0 whip. The black bear bites you.
The black bear claws you. x2
The orc hits you with a +0 mace.
There is a stone staircase leading up, spattered with blood here.
The orc hits you with a +0 whip. The black bear closely misses you.
The black bear claws you.
* * * LOW HITPOINT WARNING * * *
The black bear claws you.
* * * LOW HITPOINT WARNING * * *
The orc closely misses you.
You climb upwards.
There is a stone staircase leading down here.
You fade into invisibility!
The orc completely misses you. The orc hits you but does no damage.
The black bear bites you.
* * * LOW HITPOINT WARNING * * *
The black bear claws you.
* * * LOW HITPOINT WARNING * * *
The black bear closely misses you.
It was a potion of might.
You feel very mighty all of a sudden. The orc barely misses you.
The orc closely misses you.
It was a potion of haste.
You feel yourself speed up. The orc hits you with a +0 whip.
You die...

#.#........#.#.##.##.##.# ###
#.#.#.#.####.#.##....##.#######..
#.......####.#.##.##..........#.#
###.#.#......#..........#####.#.#
##...##########.####### #....
##.## #.# ###.# #...# #.# #..
#...# ######o## ##########..
#...# #...h@..# #.......####
####...#####..###o.# #.......#
...........#..#....###.......#
..............#....#.........#
.......<...#..#....#.#.......####
##.#....####.......#.#.......##..
#.#........#.#.####.#.......##.#
#.......##.#.#.####.##.......#.#
#.#.....##.#........##.#####.#.#


You could see a black bear (unable to see you) and 2 orcs.

Vanquished Creatures
  A bombardier beetle (D:3)
  An orc priest (D:3)
  An orc wizard (D:3)
  5 adders
  3 ribbon worms
  4 dart slugs
  3 orcs (D:3)
  7 bats
  4 endoplasms
  2 giant cockroaches (D:1)
  4 goblins
  6 hobgoblins
  3 quokkas
  2 ball pythons
  3 frilled lizards
  5 kobolds
  7 rats
61 creatures vanquished.

Vanquished Creatures (collateral kills)
  2 endoplasms (D:2)
  A kobold (D:2)
3 creatures vanquished.

Vanquished Creatures (others)
  An orc (D:3)
  A frilled lizard (D:3)
2 creatures vanquished.

Grand Total: 66 creatures vanquished

Notes
Turn   | Place    | Note
-------+----------+-------------------------------------------
     0 | D:1      | bonegar the Naga Enchanter began the quest for the Orb.
     0 | D:1      | Reached XP level 1. HP: 15/15 MP: 3/3
   328 | D:1      | Reached XP level 2. HP: 17/22 MP: 5/5
   348 | D:1      | Learned a level 2 spell: Ensorcelled Hibernation
   417 | D:1      | Reached skill level 5 in Stealth
  1277 | D:2      | Found a hide-covered altar of Uskayaw.
  1303 | D:2      | Reached XP level 3. HP: 12/28 MP: 0/6
  1442 | D:2      | Learned a level 3 spell: Call Canine Familiar
  1788 | D:2      | Reached XP level 4. HP: 31/36 MP: 1/7
  2131 | D:3      | Reached skill level 6 in Stealth
  2138 | D:3      | Reached skill level 1 in Ice Magic
  2147 | D:3      | Reached XP level 5. HP: 37/42 MP: 2/8
  2243 | D:3      | Found a shadowy altar of Dithmenos.
  2260 | D:3      | Became a worshipper of Dithmenos the Shadowed
  3133 | D:3      | Found a hazy altar of Hepliaklqana.
  3191 | D:4      | Noticed a black bear
  3249 | D:3      | HP: 1/43 [black bear (2)]
  3251 | D:3      | Slain by an orc

Illustrated notes

Levels and vault maps discovered:
D:1:      minmay_arrival_shattered_statue, layout_basic
D:2:      layout_basic, basic_altar, minmay_misc_feat_chi
D:3:      layout_loops_cross, mainiacjoe_overflow_alcove_4,
          mainiacjoe_overflow_surrounded_room
D:4:      layout_rooms, mainiacjoe_overflow_alcove_2, kennysheep_big_empty_room

Skill      XL: |  1  2  3  4  5 |
---------------+----------------+-----
Stealth        | 5 6 |  6.6
Short Blades   | 2 |  2.2
Ice Magic      | 1 |  1.4
Dodging        | 2 |  2.0
Fighting       | |  0.8
Spellcasting   | |  2.8
Hexes          | |  3.6

Action                     |  1- 3 |  4- 6 || total
---------------------------+-------+-------++-------
  Melee: Dagger            |    95 |    82 ||   177
         Punch             |     1 |       ||     1
  Throw: Dart              |     9 |       ||     9
   Cast: Ensorcelled Hiber |    16 |    20 ||    36
         Call Canine Famil |     1 |     1 ||     2
Ability: Spit Poison       |       |     1 ||     1
    Use: Scroll            |     1 |     4 ||     5
         Potion            |       |     4 ||     4
   Stab: Sleeping          |    18 |    14 ||    32
         Invisible         |       |     3 ||     3
 Armour: Robe              |    54 |    63 ||   117
  Dodge: Dodged            |    34 |    47 ||    81
